 Dungeon Crawl Stone Soup version 0.20-a0-513-g02c11fc (webtiles) character file.

96 mopl the Slasher (level 4, 0/52 HPs)
             Began as a Barachian Fighter on Jan 22, 2017.
             Slain by Edmund
             ... wielding a +2 dire flail of crushing
              (9 damage)
             ... in the Ecumenical Temple.
             The game lasted 00:03:03 (2183 turns).

mopl the Slasher (Barachian Fighter)                Turns: 2183, Time: 00:03:04

Health: 0/52       AC: 24    Str: 20    XL:     4   Next: 67%
Magic:  4/4        EV:  2    Int:  6    God:
Gold:   144        SH:  8    Dex: 10    Spells: 3/3 levels left

rFire    . . .     SeeInvis .   a - +0 long sword
rCold    . . .     Gourm    .   (armour currently unavailable)
rNeg     + + +     Faith    .   c - +0 shield
rPois    +         Spirit   .   (helmet currently unavailable)
rElec    .         Reflect  .   (cloak currently unavailable)
rCorr    .         Harm     .   (gloves currently unavailable)
MR       .....     NoTele   +   (boots currently unavailable)
Stlth    +.........             (no amulet)
Regen    0.2/turn               (no ring)
                                t - +2 ring of protection

@: mighty, tree-form, can't hop, very slightly contaminated, heavily drained,
invisible
A: swims, (slowness 0), (strong legs 0)
a: no special abilities


You were in the Ecumenical Temple.
You were hungry.
You were a tree.
You visited 2 branches of the dungeon, and saw 6 of its levels.

You collected 144 gold pieces.

Inventory:

Hand Weapons
 a - a +0 long sword (weapon)
 b - a +2 dagger of draining
Missiles
 w - 8 javelins (quivered)
 x - 7 tomahawks
Armour
 c - a +0 shield (worn)
 e - a +1 cloak (melded)
 v - a +2 chain mail of cold resistance (melded)
Jewellery
 t - a +2 ring of protection (left branch)
Wands
 p - a wand of lightning (6/15)
Scrolls
 k - a scroll of fog {unknown}
 m - a scroll of random uselessness {unknown}
 n - a scroll of identify {unknown}
 o - a scroll of enchant armour {unknown}
 r - a scroll of teleportation {unknown}
Potions
 g - 3 potions of magic
 h - 2 potions of curing
 i - a potion of heal wounds {unknown}
 j - 2 potions of invisibility
 l - a potion of flight {unknown}
 u - a potion of lignification {!q}
 z - a potion of ambrosia {unknown}
Books
 s - a book of Alchemy

   Spells                             Type                      Level
   a - Sublimation of Blood           Necromancy                   2
   b - Ignite Poison                  Fire/Transmutation/Poison    3
   c - Petrify                        Transmutation/Earth          4
   d - Alistair's Intoxication        Transmutation/Poison         5
   e - Irradiate                      Conjuration/Transmutation    5
 y - a book of Minor Magic

   Spells                             Type                      Level
   a - Magic Dart                     Conjuration                  1
   b - Blink                          Translocation                2
   c - Call Imp                       Summoning                    2
   d - Repel Missiles                 Charms/Air                   2
   e - Slow                           Hexes                        2
   f - Conjure Flame                  Conjuration/Fire             3
   g - Mephitic Cloud                 Conjuration/Poison/Air       3
Comestibles
 f - 8 bread rations
 q - 3 royal jellies


   Skills:
 - Level 3.2(1.9) Fighting
 + Level 5.2(3.8) Long Blades
 - Level 3.2(1.9) Armour
 - Level 3.0(1.6) Shields


You had 3 spell levels left.
You didn't know any spells.

Dungeon Overview and Level Annotations

Branches:
Dungeon (6/15)             Temple (1/1) D:5

Altars:
Gozag
Hepliaklqana
Makhleb
Sif Muna
Trog
Vehumet
Zin

Annotations:
D:5 Blork the orc
Temple Edmund


Innate Abilities, Weirdness & Mutations

You can swim through water.
((You cover ground slowly.))
((You can hop short distances.))


Message History

Edmund hits you but does no damage.
It was a potion of curing.
You feel better. Edmund hits you but does no damage.
It was a potion of invisibility.
You fade into invisibility!
Edmund hits you but does no damage. x2
You are very lightly contaminated with residual magic.
It was a potion of lignification.
You turn into a tree.
Your +1 cloak melds into your body.
Your +2 chain mail of cold resistance melds into your body.
You feel less resistant to cold.
Your roots penetrate the ground.
You block Edmund's attack.
Your shield prevents you from hitting Edmund.
Edmund is lightly wounded.
Edmund hits you but does no damage. x2
You slash Edmund!
Edmund is lightly wounded.
Edmund hits you with a dire flail of crushing.
* * * LOW HITPOINT WARNING * * *
x2 Edmund hits you with a dire flail of crushing!
You die...

# . .# #####. .#
#....... . #
#._.##.##._ #..
..........
##._.##.##._.##.##.
.......♣@..........
.##.##.⌠.##.##.⌠.##
..................
#._.##.##.<.##.
...................
.##.##._.##.##._.##
. ..... ... .... #.
.##.##.⌠.# ##. ..
.. .....


You could see Edmund (berserk).

Vanquished Creatures
  5 adders
  A dart slug (D:1)
  A leopard gecko (D:3)
  3 giant cockroaches
  10 goblins
  3 hobgoblins
  3 jackals (D:3)
  A quokka (D:3)
  9 bats
  3 frilled lizards
  4 kobolds
  5 rats
48 creatures vanquished.

Notes
Turn   | Place    | Note
-------+----------+-------------------------------------------
     0 | D:1      | mopl the Barachian Fighter began the quest for the Orb.
     0 | D:1      | Reached XP level 1. HP: 18/18 MP: 1/1
   183 | D:1      | Reached skill level 3 in Long Blades
   183 | D:1      | Reached XP level 2. HP: 21/24 MP: 2/2
   857 | D:2      | Reached XP level 3. HP: 28/29 MP: 3/3
   891 | D:2      | Reached skill level 4 in Long Blades
  1379 | D:2      | Reached XP level 4. HP: 35/35 MP: 4/4
  1842 | D:3      | Reached skill level 5 in Long Blades
  2111 | D:3      | You fall through a shaft for 3 floors!
  2119 | D:5      | Entered Level 5 of the Dungeon
  2158 | D:5      | Found a staircase to the Ecumenical Temple.
  2167 | D:5      | Noticed Blork the orc
  2167 | D:5      | Noticed Edmund
  2172 | Temple   | Entered the Ecumenical Temple
  2183 | Temple   | Slain by Edmund

Vault maps used:
D:1:      dpeg_arrival_signposts
D:2:      st_stairs_12
D:3:      first_bread, grunt_decor_mini_mirrors
D:5:      basic_altar, minmay_misc_feat_columns, uniq_blork_the_orc, uniq_edmund
D:6:      kennysheep_okawaru_gauntlet, uniq_eustachio
Temple:   grunt_wide_crystal_templ

Skill      XL: |  1  2  3  4 |
---------------+-------------+-----
Long Blades    | 3 4 5 |  5.2
Fighting       | |  3.2
Armour         | |  3.2
Shields        | |  3.0

Action                   |  1- 3 |  4- 6 || total
-------------------------+-------+-------++-------
Melee: Long sword        |   146 |    96 ||   242
 Abil: Hop               |       |     1 ||     1
Evoke: Wand              |       |     1 ||     1
  Use: Potion            |       |     5 ||     5
  Eat: Chunk             |     2 |     3 ||     5
Armor: Scale mail        |    94 |    10 ||   104
       Chain mail        |       |    71 ||    71
       Skin              |       |     2 ||     2
Dodge: Dodged            |    44 |    10 ||    54
Block: Shield            |    87 |    52 ||   139
       Rpst.: Long sword |    18 |     4 ||    22
